AoeStats
← Eugenius

Fortress

507136490Analyzed
4v4 RM · 16d ago on Sep 16, 2026· 19m 24s· 8 players
Game mode
Random Map
Map size
Huge
Population
200
Speed
Normal
Resources
Standard
Victory
Conquest
Starting age
Dark Age
Ending age
Imperial Age
RankedLock teamsTeams togetherTeam positionsShared explorationLock speedFull tech treeHidden civsTurbo modeCheats
Victory
Defeat
🇺🇸 Italians · United States
1719
+10
🇲🇽 Gurjaras · Mexico
1711
+10
🇵🇪 Magyars · Peru
1647
+13
🇲🇽 Malay · Mexico
1517
+17
🇺🇸 Bohemians · United States
1620
-14
🇻🇳 Poles · Vietnam
1617
-14
🇦🇷 Bulgarians · Argentina
1556
-12
🇯🇵 Spanish · Japan
1497
-10
thanh7531
6:22 Feudal Age
5:04 Loom
11:22 Castle Age
9:56 Man-at-Arms
15:43 Long Swordsman
FutureEwe5582
6:57 Feudal Age
9:18 Double-Bit Axe
11:36 Castle Age
9:39 Horse Collar
12:41 Wheelbarrow
12:40 Bow Saw
17:58 Scale Barding Armor
19:17 Forging
勇敢牛牛
7:40 Feudal Age
8:27 Double-Bit Axe
11:35 Castle Age
9:48 Horse Collar
13:05 Wheelbarrow
12:39 Gold Mining
18:01 Padded Archer Armor
19:25 Bloodlines
bcda
7:31 Feudal Age
11:30 Castle Age
9:38 Double-Bit Axe
10:06 Horse Collar
13:22 Bow Saw
14:51 Sanctity
14:43 Fervor
17:35 Loom
18:26 Wheelbarrow
17:38 Town Watch
quesarito
5:05 Feudal Age
10:30 Castle Age
8:40 Horse Collar
9:27 Double-Bit Axe
10:28 Fletching
12:29 Bodkin Arrow
14:39 Ballistics
14:27 Padded Archer Armor
15:29 Wheelbarrow
17:57 Leather Archer Armor
19:25 Bow Saw
loco_angel
7:44 Feudal Age
8:18 Feudal Age
9:05 Loom
9:35 Double-Bit Axe
12:00 Castle Age
10:15 Horse Collar
13:22 Scale Barding Armor
19:08 Fervor
20:16 Sanctity
Eugenius
8:45 Feudal Age
12:16 Castle Age
10:10 Double-Bit Axe
10:29 Horse Collar
11:16 Bloodlines
11:44 Scale Barding Armor
13:08 Corvinian Army
19:36 Chain Barding Armor
Mike
8:48 Feudal Age
13:12 Castle Age
11:04 Double-Bit Axe
11:25 Horse Collar
12:12 Fletching
12:13 Crossbowman
13:05 Bodkin Arrow
13:33 Loom
13:28 Crossbowman
15:35 Bow Saw
17:57 Heavy Plow
18:44 Forging
Connection lost

Rejoining the realm…

Still unreachable

The connection could not be restored.

Session expired

The server has moved on; the page needs a fresh start.